 Dungeon Crawl Stone Soup version 0.31-a0-354-g827e0957a7 (webtiles) character file.

Game seed: 17731464526642377589

3768 avis the Fighter (level 10, -8/84 HPs)
             Began as a Hill Orc Shapeshifter on July 23, 2023.
             Was an Initiate of Beogh.
             Mangled by an orc
             ... wielding a +1 heavy war axe
              (11 damage)
             ... on level 8 of the Dungeon.
             The game lasted 00:48:39 (9010 turns).

avis the Fighter (Hill Orc Shapeshifter)            Turns: 9010, Time: 00:48:40

Health: -8/84      AC:  3    Str: 23    XL:     10   Next: 16%
Magic:  11/11      EV: 12    Int:  8    God:    Beogh [......]
Gold:   554        SH:  0    Dex: 11    Spells: 9/9 levels left

rFire   . .          .
                       - Unarmed
rCold   . . .        (no shield)
rNeg    + . .        t - melded +0 acid dragon scales
rPois   .            (no helmet)
rElec   .            v - +2 cloak {rCorr}
rCorr   +            (no gloves)
SInv    .            (no boots)
Will    .....        y - amulet of faith
Stlth   +            p - ring of positive energy
HPRegen 0.34/turn    (no ring)
MPRegen 0.12/turn

%: faith
@: maw-form, studying Summonings
A: devouring maw, reduced hp
a: Begin Untransformation, Renounce Religion


You were on level 8 of the Dungeon.
You worshipped Beogh.
Beogh was noncommittal.
You were a creature with a mouth for a stomach.
You visited 2 branches of the dungeon, and saw 9 of its levels.
You also visited: Ossuary.

You collected 554 gold pieces.

Inventory:

Hand Weapons
 N - a +0 orcbow
Missiles
 s - 8 javelins
 H - 5 boomerangs
 S - 6 poisoned darts
Armour
 t - +0 acid dragon scales (melded)
 v - a +2 cloak of preservation (worn)
 C - a +0 chain mail
Jewellery
 a - a ring of protection from fire
 p - a ring of positive energy (left hand)
 y - an amulet of faith (around neck)
Talismans
 c - a beast talisman
 f - a maw talisman
 i - a blade talisman
Wands
 d - a wand of flame (10)
 x - a wand of polymorph (19)
 D - a wand of charming (10)
Scrolls
 e - 2 scrolls of butterflies {unknown}
 j - 3 scrolls of teleportation
 k - 2 scrolls of revelation {unknown}
 m - a scroll of poison {unknown}
 n - a scroll of enchant weapon {unknown}
 E - 3 scrolls of noise {unknown}
 R - a scroll of immolation {unknown}
Potions
 g - a potion of heal wounds
 l - a potion of berserk rage {unknown}
 o - 4 potions of lignification
 r - a potion of invisibility
 A - a potion of brilliance {unknown}
 L - 3 potions of curing
 M - a potion of degeneration {unknown}


   Skills:
 + Level 8.5 Fighting
 - Level 1.5 Dodging
 + Level 8.4 Unarmed Combat
 + Level 1.7 Invocations
 * Level 8.3 Shapeshifting


You had 9 spell levels left.
You didn't know any spells.
Your spell library contained the following spells:

 Spells                   Type           Power      Damage    Failure   Level
 Sandblast                Erth           0%         2d4       41%         1
 Passwall                 Tmut/Erth      0%         N/A       54%         2
 Stone Arrow              Conj/Erth      0%         3d7       78%         3
 Tukima's Dance           Hex            0%         N/A       78%         3
 Passage of Golubria      Tloc           0%         N/A       99%         4
 Yara's Violent Unravell  Hex/Tmut       0%         3d3       100%        5


Dungeon Overview and Level Annotations

Branches:
Dungeon (8/15)             Temple (1/1) D:4         Ossuary (visited)
   Lair: D:8-11

Altars:
Ashenzari
Cheibriados
Dithmenos
Elyvilon
Fedhas
Gozag
Hepliaklqana
Kikubaaqudgha
Makhleb
Qazlal
Ru
Sif Muna
Trog
Uskayaw
Vehumet
Wu Jian
Xom
Yredelemnul
The Shining One

Shops:
D:8 *


Message History

The gnoll bouda is healed somewhat.
You slash the gnoll bouda!
You kill the gnoll bouda!
Beogh accepts your kill.
Beogh appreciates your killing of a heretic priest.
You barely miss the orc. The orc closely misses you.
You barely miss the orc. The orc hits you with a +0 flail.
You barely miss the orc. The orc hits you with a +0 flail.
You slice the orc!!
You kill the orc!
Beogh accepts your kill.
H - 5 boomerangs (gained 2)
Things that are here:
a +0 flail; a +0 leather armour; an orc corpse
Things that are here:
a +0 club; a +0 robe; a gnoll corpse
There is a stone staircase leading down, spattered with blood here.
You begin untransforming.
You continue untransforming. x3
Your hands revert to their normal proportions.
You start resting.
HP restored.
Okay, then.
You begin transforming.
You continue transforming. x3
You turn into a creature with a mouth for a stomach.
Your +0 acid dragon scales melds into your body.
You climb downwards.
The gnoll hits you with a +0 flail.
The gnoll hits you with a +2 flail of holy wrath!
The two-headed ogre hits you with a +0 giant spiked club!!
The two-headed ogre hits you with a +0 giant spiked club.
The orc hits you with a +1 heavy war axe!
The gnoll hits you with a +0 flail.
* * * LOW HITPOINT WARNING * * *
The gnoll misses you.
There is a stone staircase leading up, spattered with blood here.
The two-headed ogre hits you with a +0 giant spiked club!!
* * * LOW HITPOINT WARNING * * *
The two-headed ogre barely misses you.
The orc hits you with a +1 heavy war axe!
You die...
Beogh appreciates the orc's killing of a heretic priest.

..........
..#..... .
....... ..
##..... ...
#### #......
.... ...#.
..#.#...# .....
.....
.∩...>O.#...#..
.....
.......Wg5.....
.....
......g.o#..#..
.....
.........# #
.....
..........
.....
.......####
..... ......$
...#. .......
#### o...#..


You could see a two-headed ogre, an orc warrior, 2 gnolls, a shadow imp and an
orc.

Vanquished Creatures
  Maggie (D:7)
  Grinder (D:3)
  Sigmund (D:2)
  Eustachio (D:6)
  A wyvern (D:5)
  An acid dragon (D:6)
  A water moccasin (D:7)
  2 ice beasts (D:7)
  A sky beast (D:5)
  2 centaurs (D:7)
  Blork the orc (D:4)
  3 phantoms (D:5)
  A kobold brigand (D:7)
  2 elf zombies (Ossuary)
  3 bullfrogs
  A scorpion (D:5)
  3 wights (D:5)
  4 killer bees (D:7)
  3 gnoll boudas
  3 human zombies (Ossuary)
  3 hounds
  A jelly (D:4)
  2 orc priests (D:7)
  Jessica (D:2)
  3 iguanas
  7 orc wizards
  Crazy Yiuf (D:6)
  Natasha (thrice) (D:2 D:1)
  A hound zombie (Ossuary)
  3 mummies (Ossuary)
  19 gnolls
  3 adders
  A shadow imp (D:6)
  A white imp (D:7)
  An ufetubus (D:4)
  4 adder zombies (Ossuary)
  2 worms
  2 dart slugs (D:1)
  17 orcs
  6 bats
  4 endoplasms
  7 giant cockroaches
  7 hobgoblins
  6 quokkas
  12 ball pythons
  4 frilled lizards
  2 gnoll zombies (Ossuary)
  10 goblins
  8 goblin zombies (Ossuary)
  2 hobgoblin zombies (Ossuary)
  2 jackal zombies (Ossuary)
  12 kobolds
  3 kobold zombies (Ossuary)
  An orc zombie (Ossuary)
  4 quokka zombies (Ossuary)
  7 rats
  4 rat zombies (Ossuary)
212 creatures vanquished.

Notes
Turn   | Place    | Note
-------+----------+-------------------------------------------
     0 | D:1      | avis the Hill Orc Shapeshifter began the quest for the Orb.
     0 | D:1      | Reached XP level 1. HP: 16/16 MP: 1/1
   195 | D:1      | Reached XP level 2. HP: 23/23 MP: 2/2
   343 | D:1      | Reached XP level 3. HP: 29/29 MP: 3/3
   905 | D:2      | Noticed Sigmund
   905 | D:2      | Noticed Natasha
   916 | D:2      | Killed Sigmund
   917 | D:2      | Reached XP level 4. HP: 38/38 MP: 2/4
   917 | D:2      | Reached XP level 5. HP: 45/45 MP: 2/5
   919 | D:2      | Killed Natasha
  1003 | D:2      | Reached XP level 6. HP: 27/51 MP: 2/6
  1008 | D:2      | Noticed Natasha
  1110 | D:1      | Killed Natasha
  1290 | D:2      | Noticed Jessica
  1295 | D:2      | Killed Jessica
  1724 | D:1      | Noticed Natasha
  1797 | D:1      | Killed Natasha
  1868 | D:1      | Upgraded the game from 0.31-a0-345-g1ebeae05c6 to
                  | 0.31-a0-354-g827e0957a7
  1987 | D:3      | Noticed Grinder
  2071 | D:3      | Found an ornate altar of the Wu Jian Council.
  2136 | D:3      | Killed Grinder
  2137 | D:3      | Reached skill level 5 in Unarmed Combat
  2137 | D:3      | Reached XP level 7. HP: 22/60 MP: 4/7
  2291 | D:3      | Reached skill level 5 in Shapeshifting
  2442 | D:3      | Found an ancient bone altar of Kikubaaqudgha.
  3292 | D:4      | Noticed Blork the orc
  3305 | D:4      | Killed Blork the orc
  3306 | D:4      | Reached skill level 5 in Fighting
  3467 | D:4      | Reached XP level 8. HP: 51/68 MP: 5/8
  3468 | D:4      | Found a staircase to the Ecumenical Temple.
  3525 | Temple   | Entered the Ecumenical Temple
  3618 | D:4      | Identified the +6 flail "Cedophenn" {drain, rC+}
  4194 | D:5      | Entered Level 5 of the Dungeon
  4248 | D:5      | Found a sand-covered staircase.
  4253 | Ossuary  | Entered an ossuary
  4829 | D:5      | Found a white marble altar of Elyvilon.
  5334 | D:5      | Noticed a wyvern
  5342 | D:5      | Killed a wyvern
  5469 | D:5      | Reached XP level 9. HP: 78/78 MP: 9/9
  5497 | D:5      | Identified the +4 war axe "Alyklaas" {heavy, MP+9 Int+4
                  | Stlth+}
  5500 | D:5      | You fall into a shaft and drop 2 floors!
  5501 | D:7      | Found a hazy altar of Hepliaklqana.
  6094 | D:5      | Found a radiant altar of Vehumet.
  6937 | D:6      | Found a runed translucent door.
  6938 | D:6      | Noticed Crazy Yiuf
  6948 | D:6      | Killed Crazy Yiuf
  6998 | D:6      | Noticed Eustachio
  7012 | D:6      | Killed Eustachio
  7512 | D:7      | Noticed Maggie
  7530 | D:7      | Killed Maggie
  7791 | D:7      | Found a shimmering blue altar of Sif Muna.
  7888 | D:7      | Became a worshipper of Beogh the Brigand
  7895 | D:7      | Reached XP level 10. HP: 61/88 MP: 7/10
  8078 | D:7      | Reached skill level 1 in Invocations
  8854 | D:8      | Noticed a two-headed ogre
  8854 | D:8      | Found Ykhligatt's Lightly-Used Armoury.
  9010 | D:8      | HP: 3/84 [two-headed ogre/+0 giant spiked club (19)]
  9010 | D:8      | Mangled by an orc

Illustrated notes

Levels and vault maps discovered:
D:1:      amcnicky_arrival_gap_in_the_tavern_cellar, layout_rooms
D:2:      layout_rooms, st_stairs_6, serial_bayou_pond_b, grunt_ministairs_5,
          uniq_jessica, uniq_sigmund, uniq_natasha
D:3:      layout_loops_ring, nicolae_wu_jian_immortal_techniques,
          mainiacjoe_overflow_six_doors_small, minmay_distorted, uniq_grinder
D:4:      layout_basic, minmay_temple_entry_tees, minmay_stone_trees_large,
          uniq_blork_the_orc
D:5:      layout_basic, nicolae_vehumet_altar_sigil, overflow_temple_1_default,
          enter_ossuary_2
D:6:      layout_rooms, uniq_eustachio, uniq_crazy_yiuf_cottage
D:7:      layout_basic, nicolae_hepliaklqana_hippocampus, lemuel_doored_altar,
          uniq_maggie
D:8:      layout_rooms, zin_statuary, minmay_shop_damaged,
          hangedman_feature_mirror
Temple:   oiseaux_autumnal_temple

Skill      XL: |  1  2  3  4  5  6  7  8  9 10 |
---------------+-------------------------------+-----
Shapeshifting  | 3 4 5 6 8 |  8.3
Fighting       | 2 3 4 5 6 8 |  8.5
Unarmed Combat | 4 5 6 8 |  8.4
Invocations    | 1 |  1.7
Dodging        | |  1.5

Action                     |  1- 3 |  4- 6 |  7- 9 | 10-12 || total
---------------------------+-------+-------+-------+-------++-------
  Melee: Unarmed           |    46 |    60 |   401 |    40 ||   547
         Punch             |     2 |     1 |    20 |       ||    23
   Fire: Sling             |    69 |    35 |    89 |       ||   193
 Invoke: Convert to Beogh  |       |       |     1 |       ||     1
Ability: Begin Untransform |       |       |     2 |     1 ||     3
    Use: Potion            |     1 |     2 |     1 |       ||     4
         Scroll            |       |     1 |     6 |       ||     7
   Stab: Sleeping          |       |     1 |       |       ||     1
 Armour: Animal skin       |    10 |     9 |     1 |       ||    20
         Skin              |     1 |     2 |     6 |       ||     9
         Leather armour    |       |       |     7 |       ||     7
         Scale mail        |       |       |     3 |       ||     3
         Chain mail        |       |       |    81 |       ||    81
         Acid dragon scale |       |       |    10 |     6 ||    16
  Dodge: Dodged            |    41 |    29 |   165 |    25 ||   260
   Form: Beast             |       |       |     2 |       ||     2
                           |       |       |     1 |       ||     1
         Blade             |       |       |     1 |       ||     1
         Maw               |       |       |       |     1 ||     1

Table legend: (Time is in decaauts)
 A = Elapsed time spent in this place.
 B = Non-inter-level travel time spent in this place.
 C = Inter-level travel time spent in this place.
 D = Time resting spent in this place.
 E = Time spent auto-exploring this place.
 F = Levels seen in this place.
 G = Mean time per level.
                   A        B        C        D        E       F      G
               +--------+--------+--------+--------+--------+-----+--------+
         Total |   9020 |   8142 |    878 |   2125 |   3504 |  10 |  902.0 |
       Dungeon |   8304 |   7468 |    836 |   1975 |   3504 |   8 | 1038.0 |
        Temple |    124 |     83 |     41 |      0 |      0 |   1 |  124.0 |
       Ossuary |    591 |    591 |      0 |    150 |      0 |   1 |  591.0 |
               +--------+--------+--------+--------+--------+-----+--------+

Top non-repeatable levels by time:
     D:7: 1563 daAuts
     D:5: 1422 daAuts
     D:4: 1330 daAuts
     D:1: 1113 daAuts
     D:3: 1048 daAuts
     D:6: 952 daAuts
     D:2: 860 daAuts
 Ossuary: 591 daAuts
  Temple: 124 daAuts
     D:8: 12 daAuts
